AoeStats
← BORN

Arena

510723350Analyzed
1v1 RM · 20h ago on Oct 2, 2026· 51m 31s· 2 players
Game mode
Random Map
Map size
Tiny (2 player)
Population
200
Speed
Normal
Resources
Standard
Victory
Conquest
Starting age
Dark Age
Ending age
Imperial Age
RankedLock teamsTeams togetherTeam positionsShared explorationLock speedFull tech treeHidden civsTurbo modeCheats
Victory
Defeat
🇪🇸 Turks · Spain
995
+16
🇪🇸 Franks · Spain
1004
-16
ramizeta
11:45 Feudal Age
12:02 Loom
13:39 Double-Bit Axe
13:51 Loom
16:20 Castle Age
14:09 Double-Bit Axe
14:47 Horse Collar
19:12 Bow Saw
19:50 Heavy Plow
23:01 Wheelbarrow
24:55 Gold Mining
28:50 Imperial Age
27:10 Fletching
27:33 Forging
29:00 Gold Shaft Mining
30:26 Conscription
51:26 Scale Barding Armor
51:57 Iron Casting
51:36 Masonry
BORN
10:52 Feudal Age
14:29 Double-Bit Axe
17:14 Castle Age
26:09 Imperial Age
25:06 Wheelbarrow
24:18 Loom
27:59 Chemistry
28:43 Hand Cart
28:46 Town Watch
29:32 Pikeman
33:39 Town Patrol
41:21 Fletching
45:06 Forging
45:02 Scale Barding Armor
49:06 Bodkin Arrow
49:47 Iron Casting
Connection lost

Rejoining the realm…

Still unreachable

The connection could not be restored.

Session expired

The server has moved on; the page needs a fresh start.